 Dungeon Crawl Stone Soup version 0.19.5 (webtiles) character file.

541 Diode the Cudgeler (level 7, -5/91 HPs)
             Began as a Minotaur Berserker on Apr 28, 2017.
             Was a Believer of Trog.
             Slain by Sigmund
             ... wielding a +0 scythe
              (8 damage)
             ... on level 4 of the Dungeon.
             The game lasted 00:15:17 (2590 turns).

Diode the Cudgeler (Minotaur Berserker)             Turns: 2590, Time: 00:15:18

Health: -5/91      AC:  7    Str: 28    XL:     7   Next: 5%
Magic:  6/6        EV: 11    Int:  4    God:    Trog [**....]
Gold:   120        SH:  0    Dex: 10    Spells: 0 memorised, 6 levels left

rFire  . . .     SeeInvis .     o - +0 flail
rCold  . . .     Gourm    .     i - +0 scale mail
rNeg   . . .     Faith    .     (no shield)
rPois  +         Spirit   .     (helmet restricted)
rElec  .         Reflect  .     (no cloak)
rCorr  .         Harm     .     (no gloves)
MR     .....                    (no boots)
Stlth  ..........               (no amulet)
                                (no ring)
                                j - ring of poison resistance

@: mighty, berserking, flying, very slightly contaminated, hasted, very quick
A: retaliatory headbutt, horns 2
a: Berserk, Trog's Hand, Burn Spellbooks, Renounce Religion


You were on level 4 of the Dungeon.
You worshipped Trog.
Trog was pleased with you.
You were not hungry.

You visited 1 branch of the dungeon, and saw 4 of its levels.

You collected 120 gold pieces.

Inventory:

Hand Weapons
 a - a +0 mace
 o - a +0 flail (weapon)
Armour
 b - a +0 animal skin
 i - a +0 scale mail (worn)
Jewellery
 j - a ring of poison resistance (left hand)
Scrolls
 e - a scroll of identify
 f - a scroll of magic mapping {unknown}
 l - a scroll of blinking {unknown}
 m - 2 scrolls of enchant armour {unknown}
 p - 2 scrolls of noise {unknown}
Potions
 h - a potion of haste
Comestibles
 c - a bread ration
 k - a meat ration


   Skills:
 + Level 5.4 Fighting
 + Level 6.6 Maces & Flails
 + Level 5.5 Armour
 + Level 3.1 Dodging
 + Level 0.3 Stealth


You had 6 spell levels left.
You didn't know any spells.

Dungeon Overview and Level Annotations

Branches:
Dungeon (4/15)
 Temple: D:4-7

Altars:
Ashenzari
Elyvilon
Gozag
Kikubaaqudgha
Qazlal
Xom
Zin

Annotations:
D:4 Sigmund


Innate Abilities, Weirdness & Mutations

You reflexively headbutt those who attack you in melee.
You have a pair of horns on your head.


Message History

The orc wizard flickers and vanishes!
Something hits you!
* * * LOW HITPOINT WARNING * * *
You feel very buoyant.
You fly up into the air.
Something hits you but does no damage.
You hit something. Trog accepts your kill.
Trog appreciates your killing of a magic user.
Reactivating autopickup.
You feel a bit more experienced. Something hits you.
* * * LOW HITPOINT WARNING * * *
Deactivating autopickup; reactivate with Ctrl-A.
A red film seems to cover your vision as you go berserk!
You feel yourself moving faster!
You feel mighty!
You feel a lot more hungry.
You hit the orc priest. Your headbutt misses the orc priest.
The orc priest is moderately wounded.
The orc priest closely misses you.
You barely miss the orc priest.
The orc priest is moderately wounded.
Something hits you!
You die...

#######....?o.. .[.
...........# ...
.######)#..# ...
#.######.#..### ..#
#.>.....)#....##..#.#
#..####..............
#.. #........{..#..
#..###..##.##o##.#
#.......##.##@# #
#..####.##(##.##.
#.......##......
##.####)#...#.## #.
#†......#
#.####.......##
#...#.).......#
#.#.##.......##
#.#.........##


You could see an orc priest.

Vanquished Creatures
  A phantom (D:4)
  An ogre (D:4)
  The ghost of Forgotmypassicot the Insei, an amateur MfTm of Dithmenos (D:3)
  2 orc wizards
  An orc priest (D:4)
  A hound (D:4)
  Jessica (D:2)
  A worker ant (D:4)
  2 gnolls (D:2)
  5 adders
  A dart slug (D:2)
  2 leopard geckos
  11 orcs
  4 bats
  3 giant cockroaches
  5 goblins
  6 hobgoblins (D:3)
  4 jackals (D:3)
  A kobold (D:1)
  2 quokkas (D:3)
  A ball python (D:3)
  A frilled lizard (D:3)
  9 rats
66 creatures vanquished.

Notes
Turn   | Place    | Note
-------+----------+-------------------------------------------
     0 | D:1      | Diode the Minotaur Berserker began the quest for the Orb.
     0 | D:1      | Reached XP level 1. HP: 19/19 MP: 0/0
   441 | D:2      | Found a white marble altar of Elyvilon.
   452 | D:2      | Reached XP level 2. HP: 23/27 MP: 1/1
   535 | D:2      | Reached skill level 4 in Maces & Flails
   702 | D:2      | Noticed Jessica
   709 | D:2      | Killed Jessica
   709 | D:2      | Reached XP level 3. HP: 34/34 MP: 2/2
   825 | D:2      | Found a shimmering altar of Xom.
   839 | D:2      | Reached XP level 4. HP: 20/41 MP: 0/3
  1463 | D:3      | Reached skill level 5 in Maces & Flails
  1475 | D:3      | Paralysed by fainting for 12 turns
  1865 | D:3      | Found a stormy altar of Qazlal.
  1883 | D:3      | Found a glowing silver altar of Zin.
  1885 | D:3      | Found a shattered altar of Ashenzari.
  1886 | D:3      | Found an opulent altar of Gozag.
  1887 | D:3      | Found an ancient bone altar of Kikubaaqudgha.
  1952 | D:3      | Noticed Forgotmypassicot's ghost (amateur MfTm)
  1971 | D:3      | Killed Forgotmypassicot's ghost
  1971 | D:3      | Reached ** piety under Trog
  1971 | D:3      | Reached skill level 5 in Fighting
  1971 | D:3      | Reached XP level 5. HP: 26/48 MP: 4/4
  2384 | D:4      | Noticed an ogre
  2398 | D:4      | Reached XP level 6. HP: 48/56 MP: 5/5
  2402 | D:4      | Reached skill level 6 in Maces & Flails
  2440 | D:4      | Reached skill level 5 in Armour
  2573 | D:4      | Noticed Sigmund
  2573 | D:4      | Reached XP level 7. HP: 14/61 MP: 6/6
  2577 | D:4      | HP: 3/61 [orc wizard/dagger (2)]
  2583 | D:4      | HP: 1/61 [something (8)]
  2590 | D:4      | Slain by Sigmund

Skill      XL: |  1  2  3  4  5  6 |
---------------+-------------------+-----
Fighting       | 4 5 |  5.4
Maces & Flails | 4 5 6 |  6.6
Armour         | 4 5 |  5.5
Dodging        | 3 |  3.1
Stealth        | |  0.3

Action                   |  1- 3 |  4- 6 |  7- 9 || total
-------------------------+-------+-------+-------++-------
Melee: Mace              |    36 |    71 |       ||   107
       Headbutt          |     7 |    16 |     1 ||    24
       Flail             |       |    79 |     8 ||    87
Invok: Berserk           |     1 |     1 |     1 ||     3
  Use: Scroll            |       |     5 |       ||     5
       Potion            |       |     2 |     5 ||     7
  Eat: Bread ration      |       |     2 |       ||     2
       Pizza             |       |     1 |       ||     1
Armor: Animal skin       |     3 |       |       ||     3
       Scale mail        |     9 |    71 |     2 ||    82
Dodge: Dodged            |    25 |   113 |     2 ||   140
